AoeStats
← xu3u6vm0888

African Clearing

510376517Analyzed
4v4 RM · 1d ago on Sep 30, 2026· 45m 45s· 8 players
Game mode
Random Map
Map size
Large (8 player)
Population
200
Speed
Normal
Resources
Standard
Victory
Conquest
Starting age
Dark Age
Ending age
Imperial Age
RankedLock teamsTeams togetherTeam positionsShared explorationLock speedFull tech treeHidden civsTurbo modeCheats
Victory
Defeat
🇭🇷 Koreans · Croatia
1241
+16
🇵🇱 Saxons · Poland
1240
+16
1236
+16
🇵🇹 Khmer · Portugal
1235
+16
🇹🇼 Vietnamese · Taiwan
1274
-17
🇲🇽 Celts · Mexico
1250
-16
🇨🇱 Hindustanis · Chile
1244
-16
🇮🇳 Bulgarians · India
1213
-15
Firkrag
6:31 Loom
14:14 Feudal Age
15:11 Double-Bit Axe
18:07 Castle Age
22:20 Horse Collar
24:05 Fletching
24:17 Padded Archer Armor
25:18 Bodkin Arrow
29:34 Bloodlines
29:24 Husbandry
35:25 Heavy Plow
39:34 Imperial Age
37:29 Ballistics
37:09 Town Watch
38:29 Wheelbarrow
38:15 Gold Mining
38:44 Leather Archer Armor
39:02 Thumb Ring
40:09 Hand Cart
40:45 Bracer
41:15 Heavy Mounted Crossbowman
41:19 Cranequins
44:08 Chemistry
44:29 Town Patrol
45:35 Ring Archer Armor
Lorazepam "Hogg Zogg" Salad Dog
12:46 Feudal Age
13:54 Double-Bit Axe
16:48 Castle Age
15:26 Wheelbarrow
17:54 Loom
18:39 Bow Saw
18:32 Stone Mining
21:38 Horse Collar
24:32 Scale Mail Armor
25:39 Hand Cart
27:13 Squires
27:31 Forging
28:56 Iron Casting
28:27 Heavy Plow
30:19 Chain Mail Armor
33:42 Imperial Age
31:03 Town Watch
31:57 Gold Mining
32:31 Arson
34:22 Chain Mail Armor
36:59 Plate Mail Armor
37:29 Blast Furnace
36:53 Conscription
37:29 Ballistics
37:49 Gold Shaft Mining
37:52 Stone Shaft Mining
37:33 Fletching
37:17 Elite Jomsviking
38:59 Hoardings
39:27 Hamask
41:37 Northmen's Fury
42:16 Bodkin Arrow
42:22 Padded Archer Armor
42:28 Siege Engineers
43:33 Chemistry
42:45 Masonry
44:57 Bracer
45:13 Leather Archer Armor
45:18 Heavy Mounted Crossbowman
45:18 Cranequins
Maus
9:48 Loom
12:07 Feudal Age
13:27 Double-Bit Axe
16:05 Horse Collar
19:29 Fletching
25:23 Wheelbarrow
BARAKA wins!
5:02 Loom
13:03 Feudal Age
20:58 Castle Age
20:21 Double-Bit Axe
21:11 Fletching
22:20 Bodkin Arrow
23:01 Horse Collar
23:32 Bow Saw
23:21 Gold Mining
24:34 Scale Barding Armor
25:25 Bloodlines
27:33 Husbandry
29:58 Chain Barding Armor
33:57 Wheelbarrow
35:32 Forging
38:29 Hand Cart
39:20 Heavy Plow
41:51 Iron Casting
mike
3:37 Loom
3:37 Loom
14:35 Feudal Age
15:09 Double-Bit Axe
15:18 Town Watch
17:26 Stone Mining
22:46 Castle Age
21:59 Fletching
24:52 Bodkin Arrow
29:06 Scale Mail Armor
31:31 Wheelbarrow
36:32 Hand Cart
36:14 Arson
37:20 Horse Collar
39:29 Stone Mining
39:30 Gold Mining
40:08 Bow Saw
40:18 Chain Mail Armor
40:16 Forging
44:41 Imperial Age
43:55 Iron Casting
xu3u6vm0888
8:38 Loom
14:59 Feudal Age
17:37 Fletching
18:40 Padded Archer Armor
24:50 Castle Age
24:23 Horse Collar
24:33 Double-Bit Axe
24:53 Crossbowman
25:42 Bodkin Arrow
27:11 Ballistics
33:02 Leather Archer Armor
35:18 Heavy Plow
38:42 Bow Saw
38:26 Gold Mining
42:22 Stone Mining
bastianbps
8:24 Loom
13:09 Feudal Age
17:15 Castle Age
16:11 Double-Bit Axe
21:20 Scale Mail Armor
23:19 Forging
26:54 Wheelbarrow
27:45 Chain Mail Armor
33:51 Bow Saw
33:32 Gold Mining
33:23 Horse Collar
37:10 Imperial Age
35:13 Heavy Plow
35:49 Gold Shaft Mining
35:05 Stone Mining
37:00 Padded Archer Armor
37:10 Squires
37:15 Grand Trunk Road
37:53 Leather Archer Armor
39:15 Chemistry
38:46 Hand Cart
39:49 Ring Archer Armor
39:41 Ballistics
39:33 Masonry
40:11 Conscription
39:53 Shatagni
AztecKiller2427
5:07 Loom
12:19 Feudal Age
13:10 Double-Bit Axe
15:05 Scale Barding Armor
19:01 Forging
23:02 Castle Age
20:55 Horse Collar
22:34 Forging
23:01 Bloodlines
24:53 Bow Saw
25:28 Fletching
29:29 Bodkin Arrow
Connection lost

Rejoining the realm…

Still unreachable

The connection could not be restored.

Session expired

The server has moved on; the page needs a fresh start.